 Dungeon Crawl Stone Soup version 0.29.0-11-gd7f09526c8 (webtiles) character file.

Game seed: 3320441908226503066

2127 freelancePsychic the Frost Mage (level 9, -34/106 HPs)
             Began as a Demonspawn Ice Elementalist on Sept 5, 2022.
             Annihilated by a white very ugly thing (49 damage)
             ... summoned by a worldbinder
             ... on level 1 of the Abyss.
             The game lasted 00:11:30 (6991 turns).

freelancePsychic the Frost Mage (DsIE)              Turns: 6991, Time: 00:11:31

Health: -34/106    AC: 15    Str: 15    XL:     9   Next: 8%
Magic:  8/13       EV: 12    Int: 20    God:
Gold:   220        SH:  0    Dex: 14    Spells: 7/14 levels left

rFire   . . .      SeeInvis .   d - +0 whip
rCold   . . .      Faith    .   (no shield)
rNeg    . . .      Spirit   .   y - +1 robe {Will+}
rPois   .          Reflect  .   (no helmet)
rElec   .          Harm     .   (no cloak)
rCorr   .          Rampage  .   (no gloves)
Will    +....                   v - +0 pair of boots
Stlth   ..........              (no amulet)
HPRegen 0.27/turn               e - +6 ring of strength
MPRegen 0.13/turn               (no ring)

@: berserking (expiring), ice-armoured, marked, freezing walls, very quick
A: hooves 2, molten scales 2, demonic guardian 1
a: no special abilities


You were on level 1 of the Abyss.
You visited 1 branch of the dungeon, and saw 6 of its levels.
You visited the Abyss 1 time.
You also visited: Sewer and Ossuary.

You collected 220 gold pieces.

Inventory:

Hand Weapons
 d - a +0 whip (weapon)
Missiles
 q - a throwing net
Armour
 a - a +0 robe
 v - a +0 pair of boots (worn)
 y - a +1 robe of willpower (worn)
Jewellery
 e - a +6 ring of strength (left hand)
 m - a +6 ring of dexterity
Scrolls
 h - a scroll of blinking
 i - 5 scrolls of teleportation {@r4}
 k - a scroll of amnesia
 n - 2 scrolls of vulnerability
 r - a scroll of magic mapping
 s - a scroll of noise {unknown}
 x - a scroll of summoning {unknown}
 z - 3 scrolls of identify {@r1}
Potions
 b - 2 potions of magic
 c - 2 potions of berserk rage
 f - 7 potions of heal wounds {@q2}
 g - 2 potions of cancellation {unknown}
 j - 2 potions of haste {@q3}
 l - 3 potions of might
 o - a potion of flight {unknown}
 p - 2 potions of curing {unknown}
 t - a potion of degeneration {unknown}
 u - a potion of brilliance {unknown}
 w - 3 potions of ambrosia {unknown}


   Skills:
 + Level 6.6 Fighting
 - Level 1.7 Dodging
 - Level 1.7 Stealth
 - Level 3.0 Spellcasting
 * Level 9.6 Ice Magic


You had 7 spell levels left.
You knew the following spells:

 Your Spells              Type           Power      Damage    Failure   Level
a - Freeze                Ice            100%       1d11      1%          1
b - Frozen Ramparts       Ice            82%        1d13      1%          3
c - Ozocubu's Armour      Ice            41%        N/A       1%          3

Your spell library contained the following spells:

 Spells                   Type           Power      Damage    Failure   Level
 Summon Small Mammal      Summ           12%        N/A       14%         1
 Hailstorm                Conj/Ice       22%        3d7       21%         4
 Confusing Touch          Hex            3%         N/A       38%         3
 Yara's Violent Unravell  Hex/Tmut       1%         3d3       98%         5
 Enfeeble                 Hex            1%         N/A       100%        7


Dungeon Overview and Level Annotations

Branches:
Dungeon (6/15)              Sewer (visited)         Ossuary (visited)
 Temple: D:4-7

Altars:
Dithmenos
Wu Jian

Annotations:
D:6 Sigmund


Innate Abilities, Weirdness & Mutations

You have hoof-like feet.
You are mostly covered in molten scales. (AC +3)
A weak demonic guardian rushes to your aid.


Message History

The wall freezes the worldbinder but does no damage.
The caustic shrike zombie completely resists.
The wall freezes the caustic shrike zombie but does no damage.
The caustic shrike zombie claws you!
The white very ugly thing completely resists.
The wall freezes the white very ugly thing but does no damage.
The white very ugly thing bites you.
The white very ugly thing freezes you!!!
You whack the white very ugly thing!
The white very ugly thing is lightly wounded.
The wall freezes the worldbinder.
The wall freezes the caustic shrike zombie but does no damage.
The caustic shrike zombie closely misses you.
The wall freezes the vault sentinel!
The vault sentinel casts a spell at you.
A sentinel's mark forms upon you.
You hit the white very ugly thing but do no damage.
The white very ugly thing is lightly wounded.
The wall freezes the caustic shrike zombie but does no damage.
The caustic shrike zombie claws you!
A demonic guardian appears!
The wall freezes the worldbinder.
The wall freezes the white very ugly thing but does no damage.
The white very ugly thing bites you but does no damage.
The wall freezes the purple very ugly thing.
The wall freezes the vault sentinel.
The vault sentinel points at you and mumbles some strange words.
You barely resist.
You completely miss the white very ugly thing.
You punch the white very ugly thing.
The white very ugly thing is lightly wounded.
The caustic shrike zombie completely resists.
The wall freezes the caustic shrike zombie but does no damage.
The caustic shrike zombie claws you!
* * * LOW HITPOINT WARNING * * *
The wall freezes the worldbinder.
The white very ugly thing resists.
The wall freezes the white very ugly thing.
The white very ugly thing bites you.
* * * LOW HITPOINT WARNING * * *
The white very ugly thing freezes you!!!
You die...

#. .. #.#### #
.. .. . ...# ##
....# ....#
#.##.. .......
## ##.#. .......
.
.##..#Z##xu.....
. .##.p@u# ..
#.. ##.#5.# ..
#.......§## .
#§##
#.##§...#.....
○°° . ##... .. .
. #°°.# .###.
..... .. ###.#.#
##.... .# ..#.#.
.# ... # # .#...
.. # ..


You could see 2 very ugly things, a vault sentinel (summoned), a worldbinder, a
caustic shrike zombie and a friendly ufetubus (summoned).

Vanquished Creatures
  Prince Ribbit (D:5)
  Edmund (D:5)
  Menkaure (D:5)
  A water moccasin (D:4)
  2 black bears
  3 ogres
  Blork the orc (D:5)
  2 bullfrogs
  A hound (D:6)
  2 jellies
  6 iguanas (D:5)
  Natasha (thrice) (D:2)
  A hell rat (Sewer)
  2 hound zombies (Ossuary)
  4 mummies (Ossuary)
  10 gnolls
  14 adders
  A shadow imp (D:5)
  4 worms
  2 dart slugs
  4 orcs (D:5)
  12 ball pythons
  11 endoplasms
  3 giant cockroaches
  10 goblins
  6 hobgoblins
  9 kobolds
  3 quokkas (D:1)
  7 bats
  2 frilled lizards
  2 gnoll zombies (Ossuary)
  A goblin zombie (Ossuary)
  2 jackal zombies (Ossuary)
  4 kobold zombies (Ossuary)
  An orc zombie (Ossuary)
  13 rats
152 creatures vanquished.

Vanquished Creatures (collateral kills)
  Eustachio (D:5)
  A necrophage (D:4)
2 creatures vanquished.

Vanquished Creatures (others)
  2 small abominations (Abyss:1)
  2 fungi (D:2)
  2 plants (D:2)
6 creatures vanquished.

Grand Total: 160 creatures vanquished

Notes
Turn   | Place    | Note
-------+----------+-------------------------------------------
     0 | D:1      | freelancePsychic the Demonspawn Ice Elementalist began the
                  | quest for the Orb.
     0 | D:1      | Reached XP level 1. HP: 13/13 MP: 3/3
   281 | D:1      | Gained mutation: A weak demonic guardian rushes to your
                  | aid. [demonic ancestry]
   281 | D:1      | Reached XP level 2. HP: 18/20 MP: 3/5
   584 | D:1      | Reached skill level 4 in Ice Magic
   897 | D:2      | Noticed Natasha
   902 | D:2      | Killed Natasha
   903 | D:2      | Reached skill level 1 in Fighting
   903 | D:2      | Gained mutation: You are partially covered in molten
                  | scales. (AC +2) [demonic ancestry]
   903 | D:2      | Reached XP level 3. HP: 5/26 MP: 1/6
  1165 | D:1      | Learned a level 3 spell: Frozen Ramparts
  1663 | D:2      | Gained mutation: You have large cloven feet. [demonic
                  | ancestry]
  1663 | D:2      | Reached XP level 4. HP: 32/32 MP: 3/7
  1790 | D:2      | Found a faded altar of an unknown god.
  1798 | D:2      | Got Plato's Tome of Allies
  1866 | D:2      | Noticed Natasha
  1871 | D:2      | Killed Natasha
  1962 | D:2      | Noticed Natasha
  1970 | D:2      | Killed Natasha
  2290 | D:3      | Reached XP level 5. HP: 38/38 MP: 5/9
  2530 | D:3      | Reached skill level 5 in Ice Magic
  3475 | D:2      | Learned a level 3 spell: Ozocubu's Armour
  3771 | D:4      | Reached XP level 6. HP: 42/47 MP: 4/10
  3853 | D:4      | Reached skill level 6 in Ice Magic
  4026 | D:4      | Gained mutation: You are mostly covered in molten scales.
                  | (AC +3) [demonic ancestry]
  4026 | D:4      | Reached XP level 7. HP: 23/53 MP: 2/11
  4037 | D:4      | Found a sand-covered staircase.
  4181 | Ossuary  | Entered an ossuary
  4637 | D:4      | Found a shadowy altar of Dithmenos.
  4645 | D:4      | Found an ornate altar of the Wu Jian Council.
  4860 | D:4      | Reached skill level 7 in Ice Magic
  5326 | D:5      | Entered Level 5 of the Dungeon
  5362 | D:5      | Reached XP level 8. HP: 43/61 MP: 4/12
  5404 | D:5      | Reached skill level 5 in Fighting
  5421 | D:5      | Noticed Prince Ribbit
  5511 | D:5      | Killed Prince Ribbit
  5512 | D:5      | Reached skill level 8 in Ice Magic
  5518 | D:5      | Noticed Edmund
  5609 | D:5      | Killed Edmund
  5634 | D:5      | Noticed Blork the orc
  5643 | D:5      | Found a glowing drain.
  5721 | Sewer    | Entered a sewer
  6086 | D:5      | Reached skill level 9 in Ice Magic
  6154 | D:5      | Noticed Menkaure
  6161 | D:5      | Killed Menkaure
  6446 | D:5      | Noticed Eustachio
  6474 | D:5      | Killed Eustachio
  6483 | D:5      | Killed Blork the orc
  6484 | D:5      | Gained mutation: You have hoof-like feet. [demonic
                  | ancestry]
  6484 | D:5      | Reached XP level 9. HP: 63/71 MP: 4/13
  6836 | D:6      | Noticed Sigmund
  6837 | Abyss:1  | Cast into level 1 of the Abyss (Sigmund)
  6884 | Abyss:1  | Found a corrupted altar of Lugonu.
  6976 | Abyss:1  | Noticed a worldbinder
  6980 | Abyss:1  | Noticed a red very ugly thing
  6980 | Abyss:1  | Noticed a white very ugly thing
  6982 | Abyss:1  | Noticed a caustic shrike zombie
  6985 | Abyss:1  | Noticed a vault sentinel
  6986 | Abyss:1  | Noticed a purple very ugly thing
  6991 | Abyss:1  | Annihilated by a white very ugly thing

Illustrated notes

Levels and vault maps discovered:
D:1:      mrwooster_arrival_statue_3, layout_basic, interstate_on_off
D:2:      layout_basic, shapermc_ecumenical_altar_rom_forum, uniq_natasha
D:3:      layout_basic
D:4:      layout_basic, grunt_temple_overflow_diamond,
          nicolae_ossuary_entry_monument
D:5:      layout_basic, lightli_sewer_entry_pipes, item_on_display_a,
          uniq_blork_the_orc, uniq_prince_ribbit1, uniq_menkaure,
          uniq_eustachio, uniq_edmund
D:6:      layout_basic, lemuel_round_altar, uniq_sigmund, uniq_duvessa
Abyss:1:  base: D:3, bh_abyss_exit_spiral, lemuel_flamethrower_2

Skill      XL: |  1  2  3  4  5  6  7  8 |
---------------+-------------------------+-----
Ice Magic      | 4 5 6 7 9 |  9.6
Fighting       | 1 2 3 4 6 |  6.6
Spellcasting   | 3 |  3.0
Dodging        | |  1.7
Stealth        | |  1.7

Action                   |  1- 3 |  4- 6 |  7- 9 || total
-------------------------+-------+-------+-------++-------
Melee: Unarmed           |     7 |       |       ||     7
       Whip              |    21 |    48 |   143 ||   212
       Kick              |       |    14 |    17 ||    31
       Punch             |       |       |     2 ||     2
 Cast: Freeze            |    38 |    16 |     6 ||    60
       Frozen Ramparts   |     2 |    25 |    29 ||    56
       Ozocubu's Armour  |       |     1 |    12 ||    13
Evoke: Wand              |       |       |     8 ||     8
  Use: Scroll            |       |     2 |     8 ||    10
       Potion            |       |       |     2 ||     2
 Stab: Sleeping          |       |     2 |     3 ||     5
Armor: Robe              |    19 |    18 |    55 ||    92
Dodge: Dodged            |    41 |    48 |    98 ||   187
